 Dungeon Crawl Stone Soup version 0.29-a0-515-g7c1fb6cc08 (webtiles) character file.

Game seed: 16947131024636757322

1414 Colgate the Slicer (level 9, -8/55 HPs)
             Began as a Kobold Brigand on May 30, 2022.
             Was a Believer of Ru.
             Mangled by Duvessa
             ... wielding a +1 short sword of speed
              (10 damage)
             ... on level 4 of the Dungeon.
             The game lasted 00:22:48 (5273 turns).

Colgate the Slicer (Kobold Brigand)                 Turns: 5273, Time: 00:22:49

Health: -8/55      AC:  9    Str:  4    XL:     9   Next: 2%
Magic:  3/3        EV: 13    Int: 12    God:    Ru [**....]
Gold:   45         SH:  0    Dex: 20    Spells: 8/8 levels left

rFire   + . .      SeeInvis .   b - +4 long sword "Ehourih" {antimagic, rC+++ rN+ Str-5}
rCold   + + +      Faith    .   (no shield)
rNeg    + + .      Spirit   .   v - +2 robe {rF+}
rPois   .          Reflect  .   (no helmet)
rElec   .          Harm     .   c - +1 cloak
rCorr   .          Rampage  .   n - +2 pair of gloves
Will    .....                   (no boots)
Stlth   ++++......              (no amulet)
HPRegen 0.18/turn               k - ring of positive energy
MPRegen 0.08/turn               (no ring)

@: no status effects
A: small, no large weapons, nightstalker 3, inability to train dodging, missing
an eye
a: Renounce Religion


You were on level 4 of the Dungeon.
You worshipped Ru.
Ru was pleased with you.
You visited 1 branch of the dungeon, and saw 5 of its levels.

You collected 168 gold pieces.
You spent 123 gold pieces at shops.

Inventory:

Hand Weapons
 a - a +2 dagger of freezing
 b - the +4 long sword "Ehourih" (weapon) {antimagic, rC+++ rN+ Str-5}
   (You found it on level 5 of the Dungeon)

   It reduces the magical energy of the wielder, and disrupts the spells and
   magical abilities of those it strikes.
   Natural abilities and divine invocations are not affected.
   Str:       It affects your strength (-5).
   rC:        It renders you almost immune to cold.
   rN:        It protects you from negative energy.
 h - a +0 short sword
Missiles
 d - 9 poisoned darts (quivered)
 e - 3 curare-tipped darts
 t - a throwing net {!f}
Armour
 c - a +1 cloak (worn)
 m - a +0 ring mail
 n - a +2 pair of gloves (worn)
 v - a +2 robe of fire resistance (worn)
Jewellery
 k - a ring of positive energy (left hand)
Wands
 u - a wand of charming (2)
Scrolls
 f - a scroll of teleportation {@r3}
 g - 2 scrolls of fear
 i - 2 scrolls of poison {unknown}
 l - a scroll of silence {unknown}
 o - a scroll of fog {unknown}
 p - a scroll of noise
 r - a scroll of amnesia {unknown}
 w - 2 scrolls of identify {@r1}
 x - 2 scrolls of vulnerability {unknown}
 y - a scroll of enchant weapon {unknown}
Potions
 j - a potion of brilliance
 q - 3 potions of curing {@q1}
 s - a potion of berserk rage


   Skills:
 - Level 6.2 Fighting
 - Level 8.0(9.8) Short Blades
 + Level 5.5(6.4) Long Blades
 - Level 2.1 Throwing
 - Level 5.3 Stealth


You had 8 spell levels left.
You didn't know any spells.
Your spell library contained the following spells:

 Spells                   Type           Power      Damage    Failure   Level
 Apportation              Tloc           0%         N/A       32%         1
 Necrotize                Necr           0%         1d4       32%         1
 Summon Small Mammal      Summ           0%         N/A       32%         1
 Sublimation of Blood     Necr           0%         N/A       45%         2
 Wereblood                Tmut           0%         N/A       45%         2
 Summon Hydra             Summ           0%         N/A       100%        7


Dungeon Overview and Level Annotations

Branches:
Dungeon (5/15)
 Temple: D:4-7

Altars:
Ru

Shops:
D:3 ?   D:4 ![

Annotations:
D:4 3 runed translucent doors, Duvessa


Innate Abilities, Weirdness & Mutations

You are small and have problems with some larger weapons.
You are completely attuned to the shadows.
You cannot train Dodging skill.
You are missing an eye, making it more difficult to aim.


Message History

You feel weaker.
You feel magic leave you.
b - the +4 long sword "Ehourih" (weapon)
{antimagic, rC+++ rN+ Str-5} Unknown command.
Unknown command.
Your movement speed is average.
Your attack delay is about 1.0.
Your base attributes are Str 9, Int 12, Dex 20.
You closely miss Duvessa.
Duvessa hits you with a +1 short sword of speed.
Duvessa completely misses you. Duvessa barely misses you.
You hit Duvessa but do no damage.
Duvessa hits you with a +1 short sword of speed!
Duvessa hits you but does no damage.
You miss Duvessa.
Duvessa hits you with a +1 short sword of speed.
Duvessa hits you but does no damage.
Duvessa hits you with a +1 short sword of speed!
You slash Duvessa!
Duvessa is stunned by your conviction and fails to attack. x2
You slash Duvessa! Duvessa hits you but does no damage.
You closely miss Duvessa.
Duvessa hits you with a +1 short sword of speed!
* * * LOW HITPOINT WARNING * * *
Duvessa misses you.
Duvessa hits you with a +1 short sword of speed!
* * * LOW HITPOINT WARNING * * *
Okay, then.
Okay, then.
Aiming: Charm
Aim: Duvessa, wielding a +1 short sword of speed and wearing a +0 leather armour (moderately wounded, berserk, chance to affect: 31%)
Okay, then.
Unknown command.
You can't see any enemies this would affect, really read the scroll of fear?
Okay, then.
Unknown command.
As you read the scroll labelled RIOSYE CEDUO, it crumbles to dust.
You hear a loud clanging noise!
It was a scroll of noise.
Duvessa closely misses you.
Duvessa hits you with a +1 short sword of speed!
You die...

.#..#
###
.#..#
##..#
#...#
..###
#.# ###
##..## #
#....##
#.[.e)#
#..@.##?
###.....
##.####
#..#
##.##
#.##
##.# #
#.## #
##.#


You could see Duvessa (berserk).

Vanquished Creatures
  Sigmund (D:3)
  Menkaure (D:5)
  4 ogres
  A centaur (D:5)
  2 phantoms
  A bullfrog (D:4)
  A necrophage (D:5)
  A scorpion (D:4)
  Dowan (D:4)
  A gnoll shaman (D:4)
  2 hounds (D:4)
  A jelly (D:5)
  Jessica (D:3)
  An orc wizard (D:4)
  6 gnolls
  4 adders
  A dart slug (D:4)
  7 orcs
  6 bats
  5 endoplasms
  6 giant cockroaches
  5 goblins
  4 hobgoblins
  7 jackals
  9 kobolds
  A quokka (D:1)
  4 ball pythons
  6 rats
90 creatures vanquished.

Vanquished Creatures (others)
  An adder (D:3)
1 creature vanquished.

Grand Total: 91 creatures vanquished

Notes
Turn   | Place    | Note
-------+----------+-------------------------------------------
     0 | D:1      | Colgate the Kobold Brigand began the quest for the Orb.
     0 | D:1      | Reached XP level 1. HP: 12/12 MP: 1/1
    59 | D:1      | Reached skill level 3 in Short Blades
   253 | D:1      | Reached XP level 2. HP: 17/17 MP: 2/2
   266 | D:1      | Found a faded altar of an unknown god.
   346 | D:1      | Prayed at the altar of an unknown god.
   346 | D:1      | Became a worshipper of Ru the Awakened
   383 | D:1      | Gained mutation: You cannot train Dodging skill. [Ru
                  | sacrifice]
   383 | D:1      | Reached * piety under Ru
   557 | D:1      | Reached skill level 4 in Short Blades
   903 | D:1      | Reached XP level 3. HP: 21/21 MP: 3/3
  1271 | D:2      | Reached skill level 5 in Short Blades
  1568 | D:2      | Reached XP level 4. HP: 26/26 MP: 4/4
  1959 | D:3      | Noticed Sigmund
  1963 | D:3      | Killed Sigmund
  1964 | D:3      | Reached skill level 8 in Short Blades
  1964 | D:3      | Reached XP level 5. HP: 30/30 MP: 5/5
  1964 | D:3      | Reached XP level 6. HP: 35/35 MP: 6/6
  1994 | D:3      | Found Hikkiala's Magic Scroll Emporium.
  2000 | D:3      | Bought a scroll of identify for 26 gold pieces
  2037 | D:3      | Noticed an ogre
  2051 | D:3      | Killed an ogre
  2754 | D:3      | Noticed Jessica
  2758 | D:3      | Killed Jessica
  2759 | D:3      | Reached XP level 7. HP: 44/44 MP: 7/7
  3222 | D:3      | Bought a scroll of enchant armour for 97 gold pieces
  3260 | D:4      | Reached skill level 5 in Fighting
  3276 | D:4      | You fall into a shaft and drop 1 floor!
  3276 | D:5      | Entered Level 5 of the Dungeon
  3292 | D:5      | Identified the +4 long sword "Ehourih" {antimagic, rC+++
                  | rN+ Str-5}
  3459 | D:5      | Reached skill level 1 in Long Blades
  3459 | D:5      | Reached XP level 8. HP: 26/51 MP: 2/8
  3834 | D:5      | Noticed Menkaure
  3841 | D:5      | Killed Menkaure
  3993 | D:4      | Found Nuhac's Distillery.
  4107 | D:4      | Gained mutation: You are missing an eye, making it more
                  | difficult to aim. [Ru sacrifice]
  4107 | D:4      | Reached ** piety under Ru
  4427 | D:4      | Found a runed translucent gate.
  4428 | D:4      | Found a runed translucent gate.
  4429 | D:4      | Found a runed translucent gate.
  4797 | D:4      | Reached skill level 5 in Long Blades
  5007 | D:4      | Found Vaotuf's Antique Armour Shop.
  5261 | D:4      | Noticed Dowan
  5262 | D:4      | Noticed Duvessa
  5265 | D:4      | Killed Dowan
  5266 | D:4      | Reached XP level 9. HP: 55/55 MP: 9/9
  5272 | D:4      | HP: 2/55 [Duvessa/+1 short sword of speed (10)]
  5273 | D:4      | Mangled by Duvessa

Illustrated notes

Levels and vault maps discovered:
D:1:      psy_arrival_dodecagon, layout_loops_ring, basic_ecumenical_altar
D:2:      layout_basic
D:3:      layout_basic, serial_shops, shop, uniq_sigmund, uniq_jessica
D:4:      layout_cave_pods, gammafunk_ghost_icy, serial_shops,
          nicolae_stop_n_shop_1, shop, nicolae_shop_hallway_plus, uniq_duvessa
D:5:      layout_cave_pods, lemuel_zombie_altar_kikubaaqudgha,
          minmay_temple_entry_slanted, serial_park, serial_park_square2,
          serial_park_avenue1, serial_park_square3
          [serial_park_minivault_5x5_1], uniq_menkaure

Skill      XL: |  1  2  3  4  5  6  7  8 |
---------------+-------------------------+-----
Short Blades   | 3 4 5 8 |  8.0
Dodging        | 0 |  0.0
Fighting       | 4 6 |  6.2
Long Blades    | 1 5 |  5.5
Throwing       | |  2.1
Stealth        | |  5.3

Action                   |  1- 3 |  4- 6 |  7- 9 || total
-------------------------+-------+-------+-------++-------
Melee: Dagger            |    71 |   100 |    26 ||   197
       Punch             |       |     1 |       ||     1
       Long sword        |       |       |   117 ||   117
Throw: Dart              |       |     4 |       ||     4
Invok: Sacrifice Nimblen |     1 |       |       ||     1
       Sacrifice an Eye  |       |       |     1 ||     1
  Use: Scroll            |       |     4 |     3 ||     7
 Stab: Sleeping          |    17 |     3 |     8 ||    28
Armor: Robe              |     4 |       |    58 ||    62
       Ring mail         |     4 |    29 |     2 ||    35
Dodge: Dodged            |    38 |    47 |    91 ||   176

Table legend: (Time is in decaauts)
 A = Elapsed time spent in this place.
 B = Non-inter-level travel time spent in this place.
 C = Inter-level travel time spent in this place.
 D = Time resting spent in this place.
 E = Time spent auto-exploring this place.
 F = Levels seen in this place.
 G = Mean time per level.
                   A        B        C        D        E       F      G
               +--------+--------+--------+--------+--------+-----+--------+
         Total |   5212 |   4943 |    269 |    293 |   3851 |   5 | 1042.4 |
       Dungeon |   5212 |   4943 |    269 |    293 |   3851 |   5 | 1042.4 |
               +--------+--------+--------+--------+--------+-----+--------+

Top non-repeatable levels by time:
     D:3: 1337 daAuts
     D:4: 1304 daAuts
     D:1: 967 daAuts
     D:2: 882 daAuts
     D:5: 720 daAuts
